← All builds
Pond / Cortex / Economy first / OBSERVED BUILD

Gunslinger buy

Cortex Pond build order · Supreme Isthmus

Pond buys Gunslingers from Tech from around 4:40, paying heavily for them, sending the skirmish bots to fight in the middle and later building its own Bot Lab for Ticks and Blitz.

#push #team support · 82 distinct matches · 14 players · 11% of Cortex Pond games · team won 60% of 82 · Recently observed

THE CATCH, AND WHAT COMES WITH IT
  • GunslingerGunslinger from Tech arrives 4:40 · 10% of role by thenTech makes it and hands it over.
  • Bot LabBot Lab in 44%16% of all Pond games by then

Paid for by sending allies about 850 metal and 20,000 energy by 5:00; standard pond sends 110 metal and 10,000 energy.

Where those units first fight, in 81 games with kill data: in the middle 94%, on their own side 6%.

Those units destroy a typical 2,454 metal of enemy units by 15:00.

Then transitions into tick (19% of army), blitz (11% of army), Armageddon (11% of army).

HOW TO PLAY IT

Key timing: Gunslinger handed over by 4:44

  1. Build heavy tidal and wind eco before any lab of your own.
  2. Take Gunslinger skirmish bots handed over by Tech.
  3. Send Gunslingers to the middle as skirmish support for front.
  4. Send Tech metal and energy, 872 metal and 20345 energy, to pay for it.
  5. Put up your own bot lab late for the Tick/Grunt transition.

Phase by phase

TYPICAL OF ITS 82 GAMES · AGAINST STANDARD POND
  1. 1
  2. 2
PLAY THE OPENING

Follow the example game's first 6:00 step by step: what to build now, what comes next, and where it goes. At 1× it keeps pace with your own game.

  1. 1

    Up to 5:00

    Economy
    • Metal Extractor4Mex
    • Wind Turbine10Wind+3 vs standard
    • Tidal Generator8Tidalfor allies
    • Tidal Generator2Tidal
    • Energy Converter1Converter
    • Energy Storage1Energy storage

    Some games also: con turret (44%)

    By 5:00 in all: 4 mex · 10 wind (standard 7) · 2 tidal · 1 converter · 1 energy storage

    The example game in this phase · 10 steps
    1. Tidal ×9for Suicide front
    2. Tidal
    3. Tidal ×2for Tech
    4. Tidal
    5. Mex ×3
    6. Energy storage
    7. Wind ×2
    8. Mex
    9. Con turret
    10. GuardGuard
  2. 2

    5:00 to Bot Lab

    Economy
    • Wind Turbine3Wind+3 vs standard
    Order
    1. Bot LabBot Lab after 4 mex, 16 wind, 3 converterdone ~10:24, middle half 9:16–11:31

    Some games also: wind (50%) · con turret (46%) · Thistle (41%) · Guard (35%)

    The standard build makes here, this one skips: 17 wind · 4 converter

    By 10:07 in all: 4 mex · 14 wind (standard 24) · 8 wind (standard 0) · 2 tidal · 1 converter (standard 6) · 1 energy storage

    The example game in this phase · 71 steps
    1. Wind ×2
    2. GuardGuard
    3. Wind ×8
    4. ThistleThistle
    5. Wind ×6
    6. Con turret
    7. ThistleThistle
    8. Con turret
    9. Aircraft PlantAircraft Plantdone 7:49
    10. Con turret
    11. BansheeBanshee ×3
    12. Mex
    13. BansheeBanshee ×2
    14. Advanced Metal ExtractorT2 mexdone 9:47 · typical 9:13
    15. Converter ×2
    16. BansheeBanshee
    17. Construction AircraftCon aircraft
    18. Converter
    19. StorkLight transportfor Geo sea
    20. Construction AircraftCon aircraft
    21. Converter
    22. Advanced Metal ExtractorT2 mex
    23. BansheeBanshee ×2
    24. Advanced Metal ExtractorT2 mex
    25. BansheeBanshee
    26. Wind
    27. Mexfor Geo sea
    28. BansheeBanshee
    29. Wind
    30. BansheeBanshee
    31. Wind
    32. FalconFighter
    33. Wind
    34. Advanced Metal ExtractorT2 mex
    35. FalconFighter
    36. Wind
    37. FalconFighter
    38. Wind
    39. FalconFighter
    40. Wind
    41. FalconFighter
    42. Wind
    43. FalconFighter
    44. Wind
    45. FalconFighter
    46. Wind
    47. FalconFighter
    48. Wind
    49. FalconFighter
    50. Wind
    51. FalconFighter
    52. Wind
    53. FalconFighter
    54. Wind
    55. FalconFighter
    56. Wind
    57. FalconFighter
    58. Wind
    59. FalconFighter ×3
    60. ArmageddonArmageddonnot finished by 15:00
    61. FalconFighter
    62. Con turret ×2
    63. Wind ×4
    64. CitadelAnti-nukenot finished by 15:00
    65. Wind ×9
    66. Energy storage
    67. Wind ×3
    68. Construction AircraftCon aircraft
    69. Wind ×2
    70. Con turret ×2
    71. Converter

Counts are medians over the build's games: half of them build more, half fewer. The example game is Boozha's (34 OS, 12/10/2026); pick another.

Team trades

IN AT LEAST 30% OF ITS GAMES

You hand over

  • Tidal Generator8 Tidal to Suicide front or Frontfirst at 0:19 · in 99% of games

You get

  • Construction Bot1 Con bot from Geo or Tech or Suicide frontfirst at 2:33 · in 51% of games
  • Hercules1 Light transport from Air or Techfirst at 4:24 · in 37% of games
  • Gunslinger1 Gunslinger from Techfirst at 4:39 · in 100% of games
  • Advanced Construction Bot1 T2 con bot from Techfirst at 7:47 · in 99% of games

How it plays out

Typical game of this build against the role’s standard build, running totals by minute

  • This build
  • Standard pond

Metal produced

010k20k
0:005:0010:0015:00

metal

Enemy metal destroyed

02k4k6k
0:005:0010:0015:00

metal

Own metal lost

02k4k
0:005:0010:0015:00

metal

Metal sent to allies

01k2k
0:005:0010:0015:00

metal

Energy sent to allies

050k100k150k
0:005:0010:0015:00

metal

82 games.

Show as table
ByMetal produced: This buildMetal produced: Standard pondEnemy metal destroyed: This buildEnemy metal destroyed: Standard pondOwn metal lost: This buildOwn metal lost: Standard pondMetal sent to allies: This buildMetal sent to allies: Standard pondEnergy sent to allies: This buildEnergy sent to allies: Standard pond
1:001151150000001712995
2:0027825900000037132365
3:008187370000104060364436
4:001496140900005810113396554
5:002181213000008451131957110268
6:002886294920900011244032762611852
7:00367438291101021014784453567414303
8:00444748741643542648616564534823417340
9:0053416257216122065018917734685735021198
10:0067037661268435071564018664686490822906
11:0084519859317476693483618814687145925778
12:001049712092368011961217107518974827343027224
13:001273414534403315781830166119404827788032595
14:001507216881498418142442199519465328581137744
15:0017268193615834263232612964194654810147941136
WHAT THE NUMBERS SAY

Won slightly more often than the standard build with the highest kill-to-loss gap of the three buys by 15:00.

  • + Own metal lost stayed low, 779 by 10:00 vs 755 standard, tightest of the three.
  • + Destroyed 4935 enemy metal by 15:00 vs 3127 for the standard build.
  • − Still a rare line: only 9% of role games buy this early by 4:37.
  • − Metal produced by 15:00 trailed standard, 15981 vs 19066.
THE EXAMPLE YOU ARE READING

Boozha

33.5 OS · 12/10/2026

Open source match ↗

3 received units · includes a constructor
70 metal received · 33628 energy received

Allied construction assistance is unknown. Timings are observations, not a promise of solo reproducibility.

Typical milestones

Advanced Metal Extractor9:13Middle 50%: 8:29–10:04 · n=80
Bot Lab10:24Middle 50%: 9:16–11:31 · n=41

Played most by

Boozha38games of this buildDeathkebab30games of this buildDontStreamSnipeMeBro3games of this build[NWP]Kadafi9231game of this buildCommandoMan1game of this build